cohdb
Replays
Latest Replays
All Replays
Popular Replays
Top Player Replays
Match Explorer
How It Works
Community
CoH3 Stats
Reddit
Sign in to upload your games and track your stats! →
Sign in with Steam
Match 45438417
Unlisted
Match 45438417
Overview
Messages
Build Orders
End
Royal Engineer Section
Construct Section Command Post
Selects Heavy Armor Battlegroup
Infantry Section
Infantry Section
Infantry Section
Construct Platoon Command Post
Selects Rigorous Vehicle Training
Humber Armored Car
Construct Field Infirmary
Selects Forward Repair Assembly
6-pounder Anti-tank Gun Team
Infantry Section
Construct Company Command Post
Selects UNKNOWN (2162094)
ML 3-inch Mortar Team
Churchill IV Heavy Tank
Infantry Training
Selects Light Vehicle Withdraw and Refit
Selects Radio Net
Makros
Lizenz
0
0
Comments
sign in to comment!
No comments posted yet!